 Dungeon Crawl Stone Soup version 0.30-a0-691-g754fce4c43 (webtiles) character file.

Game seed: 9290366279436869756

68 bmack86 the Covered (level 4, -2/40 HPs)
             Began as a Minotaur Fighter on Jan 20, 2023.
             Slain by a gnoll
             ... wielding a +0 flail
              (7 damage)
             ... on level 2 of the Dungeon.
             The game lasted 00:02:24 (890 turns).

bmack86 the Covered (Minotaur Fighter)               Turns: 890, Time: 00:02:24

Health: -2/40      AC:  7    Str: 23    XL:     4   Next: 1%
Magic:  3/3        EV:  9    Int:  5    God:
Gold:   106        SH:  9    Dex:  9    Spells: 3/3 levels left

rFire   . . .      SeeInvis .    a - +0 war axe
rCold   . . .      Faith    .    c - +0 buckler
rNeg    . . .      Spirit   .    b - +0 scale mail
rPois   .          Reflect  +    (helmet restricted)
rElec   .          Harm     .    (no cloak)
rCorr   .          Rampage  .    (no gloves)
Will    .....                    (no boots) Stlth
                                 j - amulet of reflection
HPRegen 0.26/turn                (no ring)
MPRegen 0.08/turn                (no ring)

@: no status effects
A: horns 2, retaliatory headbutt
a: no special abilities


You were on level 2 of the Dungeon.
You visited 1 branch of the dungeon, and saw 2 of its levels.

You collected 106 gold pieces.

Inventory:

Hand Weapons
 a - a +0 war axe (weapon)
Armour
 b - a +0 scale mail (worn)
 c - a +0 buckler (worn)
Jewellery
 j - an amulet of reflection (around neck)
 o - a ring of ice
Scrolls
 e - a scroll of enchant armour {unknown}
 f - a scroll of poison {unknown}
 h - a scroll of identify {unknown}
 i - a scroll of blinking {unknown}
 n - a scroll of silence {unknown}
Potions
 d - 2 potions of might
 g - a potion of invisibility {unknown}
 k - a potion of cancellation {unknown}
 l - 2 potions of brilliance {unknown}
 m - a potion of berserk rage {unknown}
 p - a potion of curing {unknown}


   Skills:
 + Level 4.1 Fighting
 * Level 3.7 Axes
 + Level 4.2 Armour
 + Level 4.2 Shields


You had 3 spell levels left.
You didn't know any spells.
Your spell library contained the following spells:

 Spells                   Type           Power      Damage    Failure   Level
 Gell's Gravitas          Tloc           0%         N/A       99%         3
 Teleport Other           Tloc           0%         N/A       99%         3
 Dispersal                Tloc           0%         N/A       100%        6


Dungeon Overview and Level Annotations

Branches:
Dungeon (2/15)

Altars:


Innate Abilities, Weirdness & Mutations

You have a pair of horns on your head.
You reflexively headbutt those who attack you in melee.


Message History

The endoplasm is heavily wounded.
The endoplasm freezes you.
You are frozen.
An adder comes into view.
The endoplasm freezes you.
You are frozen.
The adder hisses angrily.
You slash the endoplasm!
You kill the endoplasm!
The gnoll hits you but does no damage. The gnoll hits you but does no damage.
The gnoll completely misses you.
You closely miss the gnoll. Your headbutt misses the gnoll.
You hit the adder but do no damage. The adder bites you but does no damage.
The gnoll hits you from afar with a +0 spear.
The gnoll hits you with a +0 spear. The adder barely misses you.
You hit the gnoll.
The gnoll is heavily wounded.
You barely miss the adder. The gnoll barely misses you.
The gnoll closely misses you. The adder barely misses you.
You furiously retaliate!
You headbutt the adder.
The gnoll hits you from afar with a +0 spear.
You block the gnoll's attack. The adder bites you but does no damage.
You slash the gnoll!
You kill the gnoll!
You closely miss the adder. You block the adder's attack.
The gnoll closely misses you.
You have reached level 4!
You feel stronger.
You closely miss the adder.
The adder is moderately wounded.
You closely miss the gnoll. The adder bites you. You block the gnoll's attack.
The gnoll hits you from afar with a +0 spear.
* * * LOW HITPOINT WARNING * * *
The adder barely misses you.
You barely miss the gnoll. You hit the adder. The adder closely misses you.
The gnoll hits you with a +0 flail!
* * * LOW HITPOINT WARNING * * *
You block the gnoll's attack. The adder bites you but does no damage.
The gnoll hits you with a +0 flail!
You die...

....................
.................... .....
.....##....†........ .....#
....####...........# ......
.....# ##........[.#
......##
###..#####.........#
......#####.................
.........S..........)<##..
#..####@#####....)### .
#..†g##g#####.....####
#..g..ggg##..........#
#..####...)##..........# ##.
##...##..........# #.
#....#..........# #.
#..#.##..######## ##
#..#.##..# ..#.......#


You could see 3 gnolls, an adder and a hobgoblin.

Vanquished Creatures
  An adder (D:2)
  A gnoll (D:2)
  2 worms (D:2)
  2 dart slugs (D:1)
  6 endoplasms
  2 goblins
  4 hobgoblins (D:1)
  5 kobolds
  6 ball pythons
  6 bats
  3 frilled lizards (D:1)
38 creatures vanquished.

Notes
Turn   | Place    | Note
-------+----------+-------------------------------------------
     0 | D:1      | bmack86 the Minotaur Fighter began the quest for the Orb.
     0 | D:1      | Reached XP level 1. HP: 19/19 MP: 0/0
   141 | D:1      | Reached XP level 2. HP: 27/27 MP: 1/1
   509 | D:1      | Reached XP level 3. HP: 33/33 MP: 2/2
   889 | D:2      | Reached XP level 4. HP: 15/40 MP: 3/3
   890 | D:2      | Slain by a gnoll

Illustrated notes

Levels and vault maps discovered:
D:1:      heliophobic_arrival_ceremonial_halls, layout_basic
D:2:      layout_rooms

Skill      XL: |  1  2  3 |
---------------+----------+-----
Axes           | 3 |  3.7
Armour         | 4 |  4.2
Fighting       | 4 |  4.1
Shields        | 4 |  4.2

Action                   |  1- 3 |  4- 6 || total
-------------------------+-------+-------++-------
Melee: War axe           |    68 |     2 ||    70
       Headbutt          |    13 |       ||    13
Armor: Scale mail        |    37 |     1 ||    38
Dodge: Dodged            |    42 |     2 ||    44
Block: Buckler           |    29 |     2 ||    31

Table legend: (Time is in decaauts)
 A = Elapsed time spent in this place.
 B = Non-inter-level travel time spent in this place.
 C = Inter-level travel time spent in this place.
 D = Time resting spent in this place.
 E = Time spent auto-exploring this place.
 F = Levels seen in this place.
 G = Mean time per level.
                   A        B        C        D        E       F      G
               +--------+--------+--------+--------+--------+-----+--------+
         Total |    916 |    856 |     60 |      0 |    445 |   2 |  458.0 |
       Dungeon |    916 |    856 |     60 |      0 |    445 |   2 |  458.0 |
               +--------+--------+--------+--------+--------+-----+--------+

Top non-repeatable levels by time:
     D:1: 781 daAuts
     D:2: 135 daAuts
